cohdb
Replays
Latest Replays
All Replays
Popular Replays
Top Player Replays
Match Explorer
How It Works
Community
CoH3 Stats
Reddit
Sign in to upload your games and track your stats! →
Sign in with Steam
Match 42579725
Unlisted
Match 42579725
Overview
Messages
Build Orders
End
Kradschützen Motorcycle Team
Panzerpioneer Squad
Selects Italian Infantry
Kradschützen Motorcycle Team
Construct Light Support Kompanie
MG34 Team
MG34 Team
Fire Support Elements
2.5-tonne Medical Truck
le.IG 18 Mechanized Group
Selects Guastatori Squad
Guastatori Squad
Pak 38 Anti-tank Gun Team
Construct Panzerarmee Kommand
Vehicle Survival Package
Selects Registered Artillery
Selects Sound the Alarm
Panzer III L Medium Tank
Emergency Repair Kits
Panzer III L Medium Tank
Selects Prepared Positions
Registered Artillery
Rapid Advance
Registered Artillery
『BlackBear』
Kikastis
0
0
Comments
sign in to comment!
No comments posted yet!